 Dungeon Crawl Stone Soup version 0.31-a0-18-gea43df2a32 (webtiles) character file.

Game seed: 12780393779662470863

158 bande the Covered (level 5, -1/33 HPs)
             Began as a Gargoyle Fighter on May 11, 2023.
             Slain by an iguana (6 damage)
             ... on level 4 of the Dungeon.
             The game lasted 00:03:25 (2343 turns).

bande the Covered (Gargoyle Fighter)                Turns: 2343, Time: 00:03:26

Health: -1/33      AC: 11    Str: 20    XL:     5   Next: 39%
Magic:  5/5        EV:  9    Int:  8    God:
Gold:   143        SH:  4    Dex: 11    Spells: 4/4 levels left

rFire   . . .        a - +0 war axe
rCold   . . .        c - +0 buckler
rNeg    + . .        b - +0 scale mail
rPois   ∞            k - +0 hat
rElec   +            (no cloak)
rCorr   .            (no gloves)
SInv    .            (no boots)
Will    .....        m - amulet of faith Stlth
                     (no ring)
HPRegen 0.25/turn    (no ring)
MPRegen 0.09/turn

%: faith
@: no status effects
A: sickness immunity, AC +4, negative energy resistance 1, electricity
resistance, torment resistance 1, petrification resistance
a: no special abilities


You were on level 4 of the Dungeon.
You visited 1 branch of the dungeon, and saw 4 of its levels.

You collected 143 gold pieces.

Inventory:

Hand Weapons
 a - a +0 war axe (weapon)
Armour
 b - a +0 scale mail (worn)
 c - a +0 buckler (worn)
 k - a +0 hat (worn)
Jewellery
 m - an amulet of faith (around neck)
Scrolls
 f - 3 scrolls of identify
 g - a scroll of teleportation
Potions
 d - a potion of might
 e - a potion of haste {unknown}
 j - a potion of heal wounds
 l - 2 potions of flight
 n - a potion of resistance


   Skills:
 + Level 3.8 Fighting
 + Level 3.4 Axes
 + Level 4.4 Armour
 + Level 3.9 Shields


You had 4 spell levels left.
You didn't know any spells.
Your spell library contained the following spells:

 Spells                   Type           Power      Damage    Failure   Level
 Sting                    Tmut/Pois      0%         1d3       83%         1
 Blink                    Tloc           0%         N/A       92%         2
 Poisonous Vapours        Pois/Air       0%         N/A       92%         2
 Manifold Assault         Tloc           0%         N/A       100%        4
 Olgreb's Toxic Radiance  Pois           0%         N/A       100%        4
 Storm Form               Tmut/Air       0%         N/A       100%        7


Dungeon Overview and Level Annotations

Branches:
Dungeon (4/15)
 Temple: D:4-7

Altars:


Innate Abilities, Weirdness & Mutations

You are immune to sickness and miasma.
Your stone body is resilient. (AC +4)
You are immune to poison.
You resist negative energy. (rN+)
You are resistant to electric shocks. (rElec)
You are resistant to unholy torment.
You are immune to petrification.


Message History

You closely miss the adder.
The adder is almost dead.
You hit the iguana. The adder misses you. The iguana closely misses you.
The adder bites you but does no damage.
You barely miss the adder.
The adder is almost dead.
You hit the iguana but do no damage. The adder misses you.
The iguana bites you but does no damage.
The adder closely misses you. The iguana barely misses you.
You closely miss the adder.
The adder is almost dead.
You closely miss the iguana. You block the adder's attack.
The iguana barely misses you. You block the adder's attack.
You hit the adder.
You kill the adder!
You slash the iguana!
The iguana bites you but does no damage.
The iguana bites you.
You closely miss the iguana.
The iguana is severely wounded.
The iguana bites you!
You are too injured to fight recklessly!
You are too injured to fight recklessly!
You are too injured to fight recklessly!
You are too injured to fight recklessly!
You are too injured to fight recklessly!
You are too injured to fight recklessly!
You are too injured to fight recklessly!
You are too injured to fight recklessly!
You are too injured to fight recklessly!
The iguana bites you!
* * * LOW HITPOINT WARNING * * *
You hit the iguana.
The iguana is severely wounded.
The iguana barely misses you.
You hit the iguana but do no damage.
The iguana is severely wounded.
The iguana bites you but does no damage.
The iguana bites you.
You die...

..........
......$...
.......?.#
.........# #
.......$.# .#
.........# ..#
.........## ...#
......†@l.#.lS.#
#.......#......#
....###..##....
#.#......# ...
...#><...## .
#......#
.#......##
#.........#
+.#.....#.#


You could see an iguana.

Vanquished Creatures
  7 gnolls
  4 adders
  3 worms
  A dart slug (D:3)
  4 ball pythons
  2 endoplasms
  4 goblins
  4 hobgoblins
  8 jackals
  2 kobolds
  2 quokkas
  4 frilled lizards
  A rat (D:3)
46 creatures vanquished.

Notes
Turn   | Place    | Note
-------+----------+-------------------------------------------
     0 | D:1      | bande the Gargoyle Fighter began the quest for the Orb.
     0 | D:1      | Reached XP level 1. HP: 14/14 MP: 1/1
    83 | D:1      | Found a faded altar of an unknown god.
   390 | D:1      | Reached XP level 2. HP: 18/19 MP: 2/2
   899 | D:2      | Reached XP level 3. HP: 23/23 MP: 3/3
  1255 | D:1      | Reached skill level 4 in Armour
  1255 | D:1      | Reached XP level 4. HP: 25/28 MP: 4/4
  1734 | D:3      | Reached XP level 5. HP: 7/33 MP: 5/5
  2343 | D:4      | Slain by an iguana

Illustrated notes

Levels and vault maps discovered:
D:1:      tarquinn_simple_flora_water_d, layout_loops_corners,
          hellmonk_ecumenical_altar_pennies_from_heaven,
          amcnicky_mini_pool_small
D:2:      layout_rooms
D:3:      layout_rooms
D:4:      layout_rooms, amcnicky_altar_gilded, marbit_many_paths, serial_glass,
          glass_columns_a, glass_columns_c, portal_sewer_entry_a

Skill      XL: |  1  2  3  4 |
---------------+-------------+-----
Axes           | 2 3 |  3.4
Armour         | 4 |  4.4
Fighting       | |  3.8
Shields        | |  3.9

Action                     |  1- 3 |  4- 6 || total
---------------------------+-------+-------++-------
  Melee: War axe           |    80 |   102 ||   182
    Use: Potion            |       |     1 ||     1
         Scroll            |       |     6 ||     6
 Armour: Scale mail        |    39 |    65 ||   104
  Dodge: Dodged            |    43 |    64 ||   107
  Block: Buckler           |    12 |    24 ||    36

Table legend: (Time is in decaauts)
 A = Elapsed time spent in this place.
 B = Non-inter-level travel time spent in this place.
 C = Inter-level travel time spent in this place.
 D = Time resting spent in this place.
 E = Time spent auto-exploring this place.
 F = Levels seen in this place.
 G = Mean time per level.
                   A        B        C        D        E       F      G
               +--------+--------+--------+--------+--------+-----+--------+
         Total |   2417 |   2357 |     60 |    497 |   1330 |   4 |  604.2 |
       Dungeon |   2417 |   2357 |     60 |    497 |   1330 |   4 |  604.2 |
               +--------+--------+--------+--------+--------+-----+--------+

Top non-repeatable levels by time:
     D:1: 971 daAuts
     D:2: 729 daAuts
     D:3: 674 daAuts
     D:4: 42 daAuts
